 Dungeon Crawl Stone Soup version 0.19-a0-1065-gdac414d (webtiles) character file.

659 4thArraOfDagon the Ruffian (level 7, 45/59 HPs)
             Began as a Troll Air Elementalist on Aug 3, 2016.
             Quit the game on level 7 of the Dungeon.
             The game lasted 00:05:54 (903 turns).

4thArraOfDagon the Ruffian (Troll Air Elementalist)  Turns: 903, Time: 00:05:55

Health: 45/59      AC:  6    Str: 17    XL:     7   Next: 30%
Magic:  7/7        EV: 10    Int: 18    God:
Gold:   44         SH:  0    Dex: 10    Spells: 2 memorised, 5 levels left

rFire  . . .     SeeInvis .       - Unarmed
rCold  . . .     Gourm    +     a - +1 robe
rNeg   . . .     Faith    .     (no shield)
rPois  .         Spirit   .     (helmet restricted)
rElec  .         Dismiss  .     (no cloak)
rCorr  .         Reflect  .     (gloves unavailable)
SustAt .         Harm     .     (boots unavailable)
MR     .....                    (no amulet)
Stlth  +.........               (no ring)
                                e - ring of wizardry

@: brilliant, mildly poisoned (45 -> 44), repel missiles
A: unfitting armour, claws 3, fast metabolism 3, gourmand, mutation resistance
1, regeneration 2, shaggy fur 1, tough skin 2
a: no special abilities


You were on level 7 of the Dungeon.
You were very full.

You visited 1 branch of the dungeon, and saw 9 of its levels.

You collected 44 gold pieces.

Inventory:

Hand Weapons
 d - a cursed -1 giant spiked club
Armour
 a - a +1 robe (worn)
 k - the cursed +0 chain mail "Asuuq" {rElec Int+4}
   (You found it on level 6 of the Dungeon)

   It affects your intelligence (+4).
   It insulates you from electricity.
   It has a curse placed upon it.
Jewellery
 e - a ring of wizardry (left claw)
Wands
 f - a wand of flame (9/48)
 h - a wand of paralysis (0/24)
 l - a wand of digging (10/24)
Books
 b - a book of Air

   Spells                             Type                      Level
   a - Shock                          Conjuration/Air              1
   b - Swiftness                      Charms/Air                   2
   c - Repel Missiles                 Charms/Air                   2
   d - Static Discharge               Conjuration/Air              3
   e - Lightning Bolt                 Conjuration/Air              5
 g - a book of Ice

   Spells                             Type                      Level
   a - Ice Form                       Ice/Transmutation            4
   b - Metabolic Englaciation         Hexes/Ice                    5
   c - Ozocubu's Refrigeration        Ice                          6
   d - Bolt of Cold                   Conjuration/Ice              6
   e - Freezing Cloud                 Conjuration/Ice/Air          6
   f - Simulacrum                     Ice/Necromancy               6
Comestibles
 c - 2 bread rations
 i - a slice of pizza
 j - a beef jerky


   Skills:
 - Level 1.5 Dodging
 - Level 1.1 Stealth
 * Level 7.9 Unarmed Combat
 - Level 1.2 Spellcasting
 - Level 0.6 Conjurations
 - Level 2.0 Air Magic


You had 5 spell levels left.
You knew the following spells:

 Your Spells              Type           Power        Failure   Level  Hunger
a - Shock                 Conj/Air       ###.         1%          1    ##.....
b - Repel Missiles        Chrm/Air       ###...       2%          2    ###....


Dungeon Overview and Level Annotations

Branches:
Dungeon (9/15)
 Temple: D:4-7         Lair: D:8-11         Orc: D:9-12

Altars:
Xom

Shops:
D:8 [

Annotations:
D:3 Robin
D:7 Duvessa, Prince Ribbit


Innate Abilities, Weirdness & Mutations

You are too large for most types of armour.
You have claws for hands.
Your metabolism is lightning-fast.
You like to eat raw meat.
You heal very quickly.
You are covered in fur. (AC +1)
You have very tough skin. (AC +2)
You are somewhat resistant to further mutation.


Message History

It was a potion of brilliance.
You feel clever all of a sudden.
The killer bee buzzes angrily.
The howler monkey skeleton misses you.
Casting: Repel Missiles
Confirm with . or Enter, or press ? or * to list all spells.
Okay, then.
Unknown command.
You hear a shout!
The howler monkey skeleton barely misses you.
Unknown command.
The killer bee buzzes angrily.
The centaur zombie hits you.
Unknown command.
The killer bee closely misses you. The killer bee stings you.
You are poisoned.
The killer bee poisons you!
You hear a shout!
Unknown command.
Are you sure you want to abandon this character and quit the game? (Confirm with "yes".)

#.....#
#.....#
#.....#
#.....#
#:....#
.....#
#####F..#
#@......#
#yZ.....#
#yZy....#
...
#.......# ..
#..y....#
...
#.......#
..#
#.......#
#+#.#
....y$....
...#
#......y....


You could see Prince Ribbit, 5 killer bees, a centaur zombie and a howler monkey
skeleton.

Vanquished Creatures
  Menkaure (D:7)
  An orc warrior (D:8)
  A black bear (D:9)
  2 ogres
  A giant frog (D:7)
  Dowan (D:7)
  Terence (D:3)
  A hound skeleton (D:5)
  An adder (D:4)
  An adder skeleton (D:5)
  A worm (D:5)
  2 giant geckos
  3 orcs
  A ball python (D:3)
  3 goblins
  A hobgoblin (D:1)
  A giant newt (D:2)
  A quokka zombie (D:7)
24 creatures vanquished.

Notes
Turn   | Place    | Note
-------+----------+-------------------------------------------
     0 | D:1      | 4thArraOfDagon the Troll Air Elementalist began the quest for the Orb.
     0 | D:1      | Reached XP level 1. HP: 16/16 MP: 1/1
    43 | D:2      | Reached skill level 1 in Unarmed Combat
    60 | D:2      | Found a shimmering altar of Xom.
    63 | D:2      | Found a shimmering altar of Xom.
    64 | D:2      | Found a shimmering altar of Xom.
    64 | D:2      | Found a shimmering altar of Xom.
    64 | D:2      | Found a shimmering altar of Xom.
    64 | D:2      | Found a shimmering altar of Xom.
    64 | D:2      | Found a shimmering altar of Xom.
    70 | D:2      | Found a shimmering altar of Xom.
   112 | D:3      | Noticed Terence
   129 | D:3      | Reached XP level 2. HP: 24/24 MP: 0/2
   139 | D:3      | Killed Terence
   139 | D:3      | Reached skill level 2 in Unarmed Combat
   139 | D:3      | Reached XP level 3. HP: 19/31 MP: 0/3
   163 | D:3      | Noticed Robin
   183 | D:4      | Learned a level 2 spell: Repel Missiles
   228 | D:4      | Reached skill level 3 in Unarmed Combat
   237 | D:5      | Entered Level 5 of the Dungeon
   364 | D:5      | Reached XP level 4. HP: 37/39 MP: 4/4
   396 | D:6      | Got a fine chain mail
   405 | D:7      | Noticed a giant frog
   414 | D:7      | Killed a giant frog
   414 | D:7      | Reached skill level 4 in Unarmed Combat
   430 | D:7      | Identified the cursed +0 chain mail "Asuuq" {rElec Int+4} (You found it on level 6 of the Dungeon)
   433 | D:7      | Noticed Menkaure
   435 | D:7      | Noticed an ogre
   457 | D:7      | Gained mutation: You are somewhat resistant to further mutation. [potion of mutation]
   464 | D:7      | Killed an ogre
   464 | D:7      | Reached skill level 5 in Unarmed Combat
   464 | D:7      | Reached XP level 5. HP: 34/45 MP: 5/5
   467 | D:7      | Killed Menkaure
   467 | D:7      | Reached skill level 6 in Unarmed Combat
   467 | D:7      | Reached XP level 6. HP: 20/53 MP: 6/6
   528 | D:8      | Noticed an orc warrior
   573 | D:8      | Killed an orc warrior
   620 | D:8      | Noticed a wyvern
   664 | D:8      | Found Omaicyde's Armour Shoppe.
   690 | D:8      | Found a flagged portal.
   721 | D:9      | Reached skill level 7 in Unarmed Combat
   721 | D:9      | Reached XP level 7. HP: 59/59 MP: 7/7
   868 | D:7      | Noticed Dowan
   887 | D:7      | Killed Dowan
   888 | D:7      | Noticed Duvessa
   893 | D:7      | Noticed Prince Ribbit
   903 | D:7      | Quit the game

Vault maps used:
D:1:      dpeg_arrival_orchard
D:2:      xom_redecorated, grunt_decor_cap, corexii_corridor_pit,
          hangedman_decor_clover_reticule, trog_book
D:3:      lemuel_doored_altar, uniq_terence, uniq_robin
D:4:      minmay_goblin_kobold_castle, grunt_gozag_breadcrumbs, first_bread
D:5:      grunt_temple_overflow_growth_and_decay
D:6:      minmay_crystal_room, cheibrodos_worm_habitat
D:7:      serial_bayou_pond_e, uniq_menkaure, uniq_duvessa, uniq_prince_ribbit1
D:8:      serial_shops, nicolae_shop_overgrown_old_shop, shop, enter_bailey_2
D:9:      gammafunk_temple_overflow_pools, zombieorc2_lemuel,
          hangedman_decor_growths, uniq_pikel

Skill      XL: |  1  2  3  4  5  6 |
---------------+-------------------+-----
Unarmed Combat | 1 2 3 5 6 7 |  7.9
Dodging        | |  1.5
Stealth        | |  1.1
Spellcasting   | |  1.2
Conjurations   | |  0.6
Air Magic      | |  2.0

Action                   |  1- 3 |  4- 6 |  7- 9 || total
-------------------------+-------+-------+-------++-------
Melee: Unarmed           |    52 |    36 |    18 ||   106
 Cast: Shock             |     1 |       |       ||     1
       Repel Missiles    |     2 |       |       ||     2
Evoke: Wand              |     4 |     1 |     1 ||     6
  Use: Potion            |     1 |     3 |     1 ||     5
       Scroll            |       |     4 |     1 ||     5
 Stab: Sleeping          |     2 |     1 |       ||     3
       Paralysed         |       |     3 |       ||     3
  Eat: Chunk             |       |     4 |     8 ||    12
Armor: Robe              |    19 |     5 |     3 ||    27
Dodge: Dodged            |    41 |    14 |     9 ||    64
       Deflected         |     1 |       |       ||     1
